 Dungeon Crawl Stone Soup version 0.30-a0-1157-g2cc9ac7196 (webtiles) character file.

Game seed: 1110160799995331380

1201 jasper the Conjurer (level 8, 0/37 HPs)
             Began as a Spriggan Conjurer on Apr 24, 2023.
             Was a Follower of Sif Muna.
             Slain by a killer bee (9 damage)
             ... on level 7 of the Dungeon.
             The game lasted 00:07:40 (6349 turns).

jasper the Conjurer (Spriggan Conjurer)             Turns: 6349, Time: 00:07:40

Health: 0/37       AC:  2    Str:  1 (3)  XL:     8   Next: 21%
Magic:  10/15      EV: 17    Int: 20 (21) God:    Sif Muna [*.....]
Gold:   272        SH:  0    Dex: 11 (14) Spells: 4/15 levels left

rFire   . . .        h - +0 short sword (protect)
rCold   . . .        (no shield)
rNeg    . . .        a - +0 robe
rPois   .            (helmet restricted)
rElec   .            (no cloak)
rCorr   .            (gloves unavailable)
SInv    +            (boots unavailable)
Will    +....        (no amulet)
Stlth   +++          (no ring)
HPRegen 0.26/turn    (no ring)
MPRegen 0.14/turn

%: no passive effects
@: lethally poisoned (0 -> -2), very quick
A: very small, no large weapons, unfitting armour, see invisible, speed 3
a: Renounce Religion, Channel Magic


You were on level 7 of the Dungeon.
You worshipped Sif Muna.
Sif Muna was aware of your devotion.
You visited 2 branches of the dungeon, and saw 8 of its levels.

You collected 272 gold pieces.

Inventory:

Hand Weapons
 f - a +0 dagger
 h - a +0 short sword of protection (weapon)
 m - a +2 antimagic shortbow
Missiles
 e - 17 poisoned darts
Armour
 a - a +0 robe (worn)
 l - an orb of mayhem
Wands
 n - a wand of mindburst (12)
Scrolls
 g - 2 scrolls of teleportation
 q - 2 scrolls of immolation
Potions
 b - 2 potions of magic
 c - 2 potions of haste
 d - 3 potions of might
 i - 2 potions of resistance
 j - 2 potions of mutation
 k - a potion of flight
 o - a potion of degeneration
 p - 2 potions of invisibility {unknown}
 r - a potion of attraction {unknown}
 s - a potion of brilliance {unknown}
 t - a potion of curing {unknown}
 u - a potion of heal wounds {unknown}
 v - a potion of ambrosia {unknown}
 w - a potion of cancellation {unknown}


   Skills:
 + Level 1.5 Fighting
 + Level 3.9 Dodging
 + Level 4.6 Stealth
 + Level 4.3 Spellcasting
 - Level 6.0 Conjurations
 * Level 3.6 Hexes
 * Level 4.5 Translocations
 + Level 1.8 Invocations


You had 4 spell levels left.
You knew the following spells:

 Your Spells              Type           Power      Damage    Failure   Level
a - Magic Dart            Conj           100%       1d8       1%          1
b - Searing Ray           Conj           56%        2d6       1%          2
c - Fulminant Prism       Conj/Hex       11%        3d9       17%         4
d - Iskenderun's Mystic   Conj/Tloc      25%        2d7       14%         4

Your spell library contained the following spells:

 Spells                   Type           Power      Damage    Failure   Level
 Slow                     Hex            76%        N/A       2%          1
 Lesser Beckoning         Tloc           44%        N/A       3%          2
 Dazzling Flash           Conj/Hex       46%        N/A       4%          3
 Gell's Gravitas          Tloc           22%        N/A       6%          3
 Teleport Other           Tloc           22%        N/A       6%          3
 Confusing Touch          Hex            19%        N/A       9%          3
 Vhi's Electric Charge    Tloc/Air       26%        N/A       14%         3
 Vampiric Draining        Necr           4%         2d6       36%         3
 Arcjolt                  Conj/Air       8%         1d18      69%         5
 Plasma Beam              Fire/Air       2%         2x1d13    100%        6


Dungeon Overview and Level Annotations

Branches:
Dungeon (7/15)             Temple (1/1) D:4

Altars:
Ashenzari
Cheibriados
Dithmenos
Elyvilon
Hepliaklqana
Ru
Sif Muna
Vehumet
Yredelemnul
Zin

Annotations:
D:6 Grinder


Innate Abilities, Weirdness & Mutations

You are very small and have problems with some larger weapons.
You are too small for most types of armour.
You have supernaturally acute eyesight. (SInv)
You cover ground extremely quickly. (Speed+++)


Message History

Aiming: Searing Ray (safe; 1% risk of failure)
Press: ? - help, Shift-Dir - straight line, f - killer bee, p - killer bee
Aim: a killer bee (58% to hit)
The searing ray hits the killer bee!
The killer bee is heavily wounded.
The searing ray hits the killer bee!
The killer bee is severely wounded. (Press . to maintain the ray.)
The killer bee stings you.
You take 6 damage, and have 31/37 hp.
You now have 12/15 mp.
The searing ray hits the killer bee.
The killer bee is heavily wounded.
The searing ray misses the killer bee. x3; The killer bee stings you! x2
You are poisoned.
The killer bee poisons you!
You take 14 damage, and have 17/37 hp.
MASSIVE DAMAGE!!
You now have 11/15 mp.
The searing ray hits the killer bee.
The killer bee is almost dead.
The searing ray misses the killer bee.
The searing ray hits the killer bee.
The killer bee is moderately wounded.
The searing ray hits the killer bee.
The killer bee is moderately wounded.
You feel sick. The killer bee misses you. x2
You take 2 damage, and have 15/37 hp.
You now have 10/15 mp.
The searing ray hits the killer bee!
You kill the killer bee!
Sif Muna accepts your kill.
The searing ray misses the killer bee.
The searing ray hits the killer bee!
The killer bee is almost dead.
The searing ray hits the killer bee!
The killer bee is almost dead.
You finish channelling your searing ray.
You feel sick. The killer bee stings you.
* * * LOW HITPOINT WARNING * * *
You take 6 damage, and have 9/37 hp.
You now have 9/15 mp.
It was a potion of degeneration.
There was something very wrong with that liquid.
You feel weakened.
You feel dopey.
You feel clumsy.
You feel sick. The killer bee stings you!
You die...

.8.. #.#
#.##.......#..####.
...8. #.#
#.##.......#..# #.
..... #.###
#..........#..# #.
...... #...#
####.......#..# #.
......####.#
#.......#..# #.
...........#
#.......#..####.
......#.#..#
####.####......# .....
#.#.J#########.#
##.#####. .....
#.#.y.yyy@..##.#
#...####.
J..8.y#.#.y###########
####.....
.8J..........# #####.
...........#.## #.
......#.#.....# #.
....$.#.#..#### #.
...........# #####.
#..........# #.....
.#......##.. #########


You could see a jelly and 5 killer bees.

Vanquished Creatures
  Sigmund (D:3)
  Blork the orc (D:5)
  A bullfrog (D:7)
  2 scorpions (D:5)
  4 wights (D:7)
  A killer bee (D:7)
  2 jellies (D:5)
  An orc priest (D:4)
  3 hounds
  A sleepcap (D:5)
  A gnoll bouda (D:2)
  2 iguanas
  Robin (D:3)
  7 gnolls
  7 adders
  A white imp (D:5)
  An ufetubus (D:4)
  A worm (D:2)
  2 dart slugs
  6 orcs (D:4)
  10 ball pythons
  5 bats
  7 endoplasms
  4 giant cockroaches
  14 goblins
  8 hobgoblins
  2 quokkas
  4 frilled lizards
  9 kobolds
  8 rats
117 creatures vanquished.

Notes
Turn   | Place    | Note
-------+----------+-------------------------------------------
     0 | D:1      | jasper the Spriggan Conjurer began the quest for the Orb.
     0 | D:1      | Reached XP level 1. HP: 9/9 MP: 5/5
    27 | D:1      | Reached skill level 3 in Conjurations
   283 | D:1      | Reached XP level 2. HP: 13/13 MP: 3/6
   695 | D:1      | Found a faded altar of an unknown god.
  1079 | D:2      | Reached XP level 3. HP: 16/16 MP: 6/8
  1082 | D:2      | Learned a level 2 spell: Searing Ray
  1527 | D:2      | Reached skill level 4 in Conjurations
  2233 | D:3      | Noticed Robin
  2410 | D:3      | Reached XP level 4. HP: 18/21 MP: 1/9
  2694 | D:3      | Reached XP level 5. HP: 22/24 MP: 2/10
  2801 | D:3      | Killed Robin
  2928 | D:3      | Reached skill level 5 in Conjurations
  2967 | D:3      | Noticed Sigmund
  2974 | D:3      | Killed Sigmund
  2975 | D:3      | Reached XP level 6. HP: 28/28 MP: 3/11
  3307 | D:4      | Reached skill level 6 in Conjurations
  3312 | D:4      | Learned a level 4 spell: Fulminant Prism
  3351 | D:4      | Found a staircase to the Ecumenical Temple.
  3413 | Temple   | Entered the Ecumenical Temple
  3438 | Temple   | Became a worshipper of Sif Muna the Loreminder
  3605 | D:4      | Learned a level 4 spell: Iskenderun's Mystic Blast
  4286 | D:4      | Reached skill level 1 in Translocations
  4529 | D:5      | Entered Level 5 of the Dungeon
  4558 | D:5      | Reached skill level 1 in Hexes
  4646 | D:5      | Noticed Blork the orc
  4659 | D:5      | Killed Blork the orc
  4660 | D:5      | Reached XP level 7. HP: 11/32 MP: 2/13
  5206 | D:5      | Reached * piety under Sif Muna
  5207 | D:5      | Reached skill level 1 in Invocations
  5306 | D:5      | Reached skill level 1 in Fighting
  5874 | D:6      | Noticed Grinder
  6140 | D:7      | Reached XP level 8. HP: 31/37 MP: 6/15
  6349 | D:7      | Slain by a killer bee

Illustrated notes

Levels and vault maps discovered:
D:1:      tarquinn_simple_flora_water_e, layout_basic,
          shapermc_ecumenical_altar_mp_highgroup
D:2:      minmay_chambers_of_ones, layout_rooms, hex_tiny
D:3:      layout_rooms, kennysheep_potato, uniq_sigmund, uniq_robin
D:4:      layout_cave_pods, minmay_temple_entry_purple_smoke
D:5:      layout_basic, kennysheep_decorative_pillar, uniq_blork_the_orc
D:6:      layout_cave_pools, minitemple, mainiacjoe_overflow_alcove_2,
          serial_gnoll_camp, gnoll_camp_medium_02, gnoll_camp_medium_01,
          gnoll_camp_mini_hut, gnoll_camp_mini_shop, gnoll_camp_mini_shop,
          chequers_serial_rivers_micro_d, serial_bayou_pond_b, uniq_grinder
D:7:      wad_pebble_path, layout_loops_ring, gammafunk_ghost_smash,
          hangedman_misty_isle
Temple:   nicolae_temple_bog_church

Skill      XL: |  1  2  3  4  5  6  7 |
---------------+----------------------+-----
Conjurations   | 3 4 5 6 |  6.0
Spellcasting   | 3 4 |  4.3
Translocations | 1 4 |  4.5
Hexes          | 1 3 |  3.6
Dodging        | 3 |  3.9
Invocations    | 1 |  1.8
Fighting       | 1 |  1.5
Stealth        | 4 |  4.6

Action                     |  1- 3 |  4- 6 |  7- 9 || total
---------------------------+-------+-------+-------++-------
  Melee: Short sword       |       |       |     1 ||     1
   Cast: Magic Dart        |   116 |    65 |    20 ||   201
         Searing Ray       |     3 |    18 |    16 ||    37
    Use: Scroll            |     3 |     7 |     2 ||    12
         Potion            |       |       |     1 ||     1
   Stab: Sleeping          |       |       |     1 ||     1
 Armour: Robe              |       |     2 |     3 ||     5
  Dodge: Dodged            |     8 |    38 |    25 ||    71

Table legend: (Time is in decaauts)
 A = Elapsed time spent in this place.
 B = Non-inter-level travel time spent in this place.
 C = Inter-level travel time spent in this place.
 D = Time resting spent in this place.
 E = Time spent auto-exploring this place.
 F = Levels seen in this place.
 G = Mean time per level.
                   A        B        C        D        E       F      G
               +--------+--------+--------+--------+--------+-----+--------+
         Total |   5054 |   4885 |    169 |    498 |   3763 |   8 |  631.8 |
       Dungeon |   5028 |   4867 |    161 |    498 |   3751 |   7 |  718.3 |
        Temple |     25 |     17 |      8 |      0 |     12 |   1 |   25.0 |
               +--------+--------+--------+--------+--------+-----+--------+

Top non-repeatable levels by time:
     D:2: 1159 daAuts
     D:5: 1106 daAuts
     D:1: 848 daAuts
     D:4: 828 daAuts
     D:3: 750 daAuts
     D:7: 320 daAuts
  Temple: 25 daAuts
     D:6: 14 daAuts
